Map: Emerald City LE

Players

Sathalom - Winner!

  • Race: Protoss Protoss
  • League: Diamond
  • Spawn Location: 11:00

Sigardius - Winner!

  • Race: Zerg Zerg
  • League: Platinum
  • Spawn Location: 11:00

OpuS

  • Race: Protoss Protoss
  • League: Platinum
  • Spawn Location: 5:00

Sketchaphone

  • Race: Zerg Zerg
  • League: Platinum
  • Spawn Location: 5:00

VOD

Have the link to the VOD?

Description

Time

  • Played on: Feb. 16, 2019, 10:08 p.m.
  • Length: 11:59
Show
View Real Time Build Order
Export as new Build Order

Sathalom Protoss - Winner!

Build Orders:  

Get SALT Encoding   

  12  0:01  Probe  
  13  0:13  Probe  
  14  0:20  Pylon  
  14  0:29  Probe  
  15  0:37  Probe  
  16  0:45  Probe, Gateway  
  16  0:47  Assimilator  
  17  0:59  Probe  
  18  1:11  Probe  
  19  1:17  Pylon  
  19  1:23  Probe  
  20  1:34  Cybernetics Core  
  20  1:35  Probe  
  20  1:37  Assimilator  
  21  1:47  Probe  
  22  1:56  Gateway  
  22  2:01  Warp Gate  
  22  2:04  Sentry  
  24  2:16  Probe  
  25  2:31  Stalker, Probe, Robotics Facility  
  28  2:43  Stalker  
  29  2:46  Probe  
  30  2:58  Nexus  
  30  3:16  Probe  
  31  3:20  Pylon  
  31  3:29  Immortal  
  35  3:43  Gateway  
  35  3:49  Shield Battery  
  35  3:54  Sentry  
  35  3:55  Stalker  
  39  4:07  Pylon, Immortal  
  39  4:10  Probe  
  40  4:20  Probe  
  40  4:23  Probe  
  46  4:32  Probe  
  46  4:35  Probe  
  48  4:39  Sentry  
  48  4:40  Immortal  
  48  4:45  Probe  
  51  4:47  Probe  
  56  4:59  Stalker  
  58  5:14  Stalker x2  
  58  5:20  Pylon x2  
  62  5:28  Immortal  
  62  5:34  Probe x2  
  66  5:48  Stalker  
  66  5:49  Stalker x2  
  72  5:50  Probe x2  
  74  6:02  Probe x2  
  74  6:03  Pylon  
  76  6:04  Assimilator  
  76  6:07  Observer  
  77  6:22  Immortal  
  77  6:25  Forge  
  77  6:29  Stalker x2  
  85  6:45  Protoss Ground Weapons Level 1  
  85  6:56  Pylon  
  85  6:57  Probe  
  85  6:58  Pylon, Assimilator  
  86  7:01  Gateway x2  
  86  7:05  Twilight Council  
  86  7:14  Probe  
  71  7:39  Immortal  
  71  7:40  Probe x2  
  77  8:05  Charge  
  77  8:06  Templar Archives  
  77  8:09  Immortal  
  77  8:15  Zealot x5  
  91  8:20  Protoss Ground Weapons Level 2  
  91  8:23  Gateway  
  91  8:24  Pylon  
  91  8:27  Pylon  
  91  8:30  Nexus  
  91  8:35  Pylon  
  91  8:47  Warp Prism  
  93  8:48  Stalker  
  93  8:49  Stalker x2  
  97  9:01  Stalker x2  
  101  9:27  Stalker  
  101  9:28  Stalker x4  
  111  9:33  Zealot  
  107  9:46  Probe x3  
  110  9:55  Assimilator  
  110  9:56  Psionic Storm  
  110  9:58  Zealot  
  110  9:59  Zealot x2  
  116  10:09  Immortal  
  116  10:12  Probe x2  
  122  10:31  Stalker x3  
  126  10:37  Probe x3  
  126  10:40  Assimilator  
  129  10:58  Zealot x5  
  129  10:59  Zealot  
  109  11:35  Zealot x5  
  109  11:36  Zealot  
  123  11:51  Pylon  
  123  11:53  Gateway  
Show
View Real Time Build Order
Export as new Build Order

Sigardius Zerg - Winner!

Build Orders: Hatch First 

Get SALT Encoding   

  12  0:01  Drone  
  13  0:08  Drone  
  14  0:17  Overlord  
  14  0:48  Hatchery  
  13  0:58  Spawning Pool  
  13  1:00  Extractor  
  11  1:04  Drone  
  11  1:09  Drone  
  13  1:14  Drone  
  14  1:31  Drone x2  
  16  1:43  Drone  
  17  1:47  Queen  
  17  1:49  Drone  
  20  1:59  Queen  
  22  2:02  Drone  
  23  2:18  Metabolic Boost  
  23  2:28  Zergling x2  
  23  2:29  Zergling x8  
  28  2:35  Overlord  
  28  2:53  Extractor  
  28  2:55  Baneling Nest  
  28  2:57  Drone x2  
  28  2:58  Drone  
  29  3:01  Drone  
  30  3:15  Drone  
  30  3:16  Drone x2  
  33  3:23  Overlord  
  33  3:34  Drone x3  
  34  3:36  Overlord  
  31  4:02  Queen  
  33  4:08  Roach Warren  
  32  4:12  Overlord x2  
  32  4:13  Drone  
  32  4:14  Drone x4  
  37  4:21  Spine Crawler  
  36  4:31  Zergling x2  
  36  4:32  Zergling x6  
  36  4:35  Zergling x2  
  36  4:36  Zergling x2  
  42  4:56  Spine Crawler  
  42  4:58  Spine Crawler  
  42  4:59  Roach x4  
  46  5:30  Drone  
  46  5:31  Drone x6  
  46  5:33  Overlord x2  
  50  5:50  Zergling x4  
  51  6:04  Hatchery  
  51  6:10  Extractor  
  49  6:14  Lair, Evolution Chamber  
  49  6:16  Evolution Chamber  
  49  6:17  Roach  
  49  6:18  Roach x5  
  59  6:19  Roach  
  61  6:28  Overlord  
  61  6:53  Drone x3  
  64  6:56  Extractor  
  64  6:58  Drone x2  
  64  6:59  Drone x3  
  68  7:18  Drone x7  
  65  7:58  Roach x13  
  71  8:01  Zerg Missile Weapons Level 1, Zerg Ground Armor Level 1  
  71  8:04  Hydralisk Den  
  76  8:08  Drone  
  77  8:26  Glial Reconstitution  
  77  8:37  Overlord x3  
  77  8:49  Spore Crawler  
  64  8:57  Hydralisk x13  
  75  9:16  Grooved Spines  
  72  9:19  Hydralisk x6  
  84  9:34  Hydralisk  
  84  9:35  Hydralisk x3  
  84  9:38  Overlord x3  
  92  9:56  Hatchery  
  91  10:08  Hatchery  
  90  10:14  Queen  
  90  10:48  Hydralisk  
  90  10:49  Hydralisk x7  
  104  11:10  Drone  
  104  11:11  Drone x11  
  106  11:27  Extractor  
  106  11:29  Extractor  
Show
View Real Time Build Order
Export as new Build Order

OpuS Protoss 

Build Orders: Chargelot Immortal 

Get SALT Encoding   

  12  0:01  Probe  
  13  0:13  Probe  
  14  0:20  Pylon  
  14  0:25  Probe  
  15  0:35  Probe  
  15  0:40  Gateway  
  16  0:43  Probe  
  17  0:52  Probe  
  17  0:54  Assimilator  
  17  0:57  Assimilator  
  18  1:01  Probe  
  18  1:10  Probe  
  19  1:14  Gateway  
  20  1:23  Probe  
  21  1:29  Cybernetics Core  
  21  1:36  Pylon  
  21  1:43  Probe  
  22  1:55  Probe  
  23  2:06  Stalker x2  
  23  2:07  Warp Gate  
  27  2:11  Probe  
  28  2:21  Gateway  
  28  2:24  Pylon  
  28  2:38  Stalker  
  28  2:42  Stalker  
  31  2:49  Pylon  
  31  2:55  Robotics Facility  
  31  3:00  Probe  
  32  3:26  Nexus  
  32  3:30  Pylon  
  32  3:42  Immortal  
  36  3:58  Adept  
  36  4:02  Pylon  
  38  4:06  Pylon  
  38  4:14  Sentry x2  
  42  4:23  Adept  
  44  4:29  Probe  
  45  4:39  Immortal  
  45  4:41  Probe  
  50  4:51  Probe  
  51  4:57  Probe  
  52  5:01  Twilight Council  
  52  5:03  Probe  
  41  5:16  Stalker x2  
  41  5:17  Probe  
  41  5:18  Probe  
  41  5:20  Charge  
  47  5:42  Probe x2  
  45  5:51  Stargate  
  45  5:54  Probe x2  
  47  5:59  Immortal  
  47  6:00  Zealot  
  47  6:02  Zealot  
  55  6:12  Probe x2  
  55  6:16  Zealot  
  59  6:23  Gateway  
  59  6:24  Probe  
  60  6:32  Zealot x2  
  64  6:34  Probe  
  64  6:36  Probe, Void Ray  
  70  6:53  Zealot x3  
  76  6:54  Probe x2  
  76  6:58  Pylon  
  76  7:00  Pylon  
  78  7:04  Assimilator  
  78  7:06  Assimilator  
  78  7:13  Zealot  
  78  7:14  Zealot x2  
  84  7:30  Void Ray  
  84  7:34  Zealot x3  
  84  7:35  Zealot  
  76  8:00  Zealot x4  
  76  8:03  Probe  
  76  8:05  Probe  
  86  8:06  Void Ray  
  86  8:18  Probe, Gateway  
  86  8:19  Gateway  
  91  8:20  Probe  
  92  8:35  Pylon  
  92  8:47  Nexus  
  92  8:51  Templar Archives  
  92  8:55  Void Ray  
  86  9:07  Pylon  
  86  9:20  Gateway  
  86  9:23  Gateway  
  86  9:35  Void Ray  
  84  9:45  Immortal  
  80  9:56  Zealot x4  
  88  10:02  Probe x2  
  88  10:04  Probe  
  91  10:11  Void Ray  
  91  10:16  High Templar x2  
  91  10:17  High Templar x2  
  91  10:18  High Templar  
  91  10:19  High Templar  
  91  10:20  Archon  
  91  10:21  Archon  
  107  10:24  Archon  
  107  10:25  Zealot x2  
  109  10:46  Zealot x2  
  109  10:48  Zealot, Probe x3  
  109  10:49  Zealot  
  120  10:51  High Templar x2  
  120  10:52  Zealot  
  120  10:55  Archon  
  98  11:15  Zealot  
  98  11:16  Zealot x5  
  53  11:38  Zealot x4  
  53  11:39  Zealot  
Show
View Real Time Build Order
Export as new Build Order

Sketchaphone Zerg 

Build Orders: Hatch First, Swarm Host 

Get SALT Encoding   

  12  0:01  Drone  
  13  0:12  Overlord  
  13  0:17  Drone  
  14  0:33  Drone x2  
  14  0:34  Drone  
  17  0:55  Hatchery  
  16  1:01  Drone  
  16  1:03  Drone, Extractor  
  17  1:12  Drone  
  18  1:20  Spawning Pool  
  17  1:27  Drone  
  18  1:37  Drone  
  18  1:38  Overlord  
  19  1:50  Overlord  
  19  2:04  Drone  
  19  2:07  Queen  
  22  2:08  Queen  
  22  2:14  Metabolic Boost  
  24  2:19  Drone  
  24  2:22  Drone  
  26  2:27  Drone  
  26  2:29  Drone  
  28  2:33  Zergling x2  
  29  2:44  Roach Warren  
  28  2:59  Overlord  
  28  3:01  Drone  
  28  3:02  Overlord, Drone  
  28  3:03  Drone  
  31  3:14  Zergling x2  
  32  3:23  Roach x5  
  32  3:27  Roach  
  43  3:31  Roach  
  45  3:43  Roach  
  45  3:44  Roach x2  
  51  4:02  Roach x2  
  55  4:07  Zergling x4  
  55  4:08  Overlord  
  57  4:10  Overlord  
  57  4:11  Roach  
  57  4:12  Zergling x2  
  60  4:21  Overlord  
  60  4:26  Zergling x4  
  60  4:27  Zergling x2  
  60  4:31  Drone  
  64  4:41  Overlord  
  64  4:54  Overlord  
  64  4:56  Lair  
  64  4:57  Drone x3  
  67  5:01  Hatchery  
  65  5:17  Overlord  
  65  5:18  Zergling x6  
  65  5:19  Zergling x4  
  70  5:28  Drone  
  59  5:50  Drone x2  
  59  5:57  Roach x3  
  59  6:03  Zergling x14  
  72  6:12  Overlord  
  72  6:13  Glial Reconstitution  
  72  6:17  Roach x2  
  76  6:22  Extractor  
  75  6:25  Overlord, Extractor  
  75  6:29  Overlord, Drone  
  75  6:30  Evolution Chamber  
  74  6:32  Evolution Chamber  
  73  6:46  Drone x2  
  75  6:51  Roach x2  
  75  6:52  Zergling x12  
  85  6:59  Drone  
  85  7:00  Drone  
  87  7:02  Drone  
  87  7:07  Drone x2  
  90  7:13  Infestation Pit  
  85  7:33  Roach x4  
  81  7:49  Zergling x24  
  92  7:55  Drone x2  
  92  7:56  Drone  
  95  8:14  Zerg Ground Armor Level 1  
  95  8:15  Zerg Missile Weapons Level 1  
  95  8:21  Nydus Network, Drone x6  
  95  8:25  Queen  
  102  8:32  Drone x2  
  104  8:34  Extractor  
  104  8:36  Drone x2  
  104  8:37  Drone x5  
  96  9:04  Zergling x24  
  96  9:05  Zergling x2  
  96  9:08  Swarm Host  
  112  9:15  Zergling x2  
  113  9:20  Drone x2  
  89  9:29  Swarm Host x3  
  86  9:42  Hatchery  
  79  9:48  Swarm Host x3  
  79  9:49  Swarm Host  
  79  9:50  Swarm Host  
  79  9:51  Roach x5  
  104  9:59  Overlord  
  104  10:02  Pneumatized Carapace  
  98  10:35  Roach x4  
  105  10:38  Roach x6  
  105  10:39  Zergling x2  
  105  10:42  Nydus Canal  
  101  10:46  Roach  
  96  10:52  Roach x2  
  96  10:56  Hydralisk Den, Swarm Host  
  92  11:14  Roach  
  63  11:32  Nydus Canal  
  25  11:55  Nydus Canal  
Tags
 
Add a new tag
Caveats
  • Supply blocks, unpowered buildings, or Contaminate may cause inaccurate times.
  • Supply counts are checked every 10 seconds.